 Dungeon Crawl Stone Soup version 0.29-a0-289-g2178c42546 (webtiles) character file.

Game seed: 5971798758808452674

301 kae the Chopper (level 6, 0/55 HPs)
             Began as a Hill Orc Fighter on Mar 17, 2022.
             Slain by a white imp (5 damage)
             ... on level 4 of the Dungeon.
             The game lasted 00:01:16 (2974 turns).

kae the Chopper (Hill Orc Fighter)                  Turns: 2974, Time: 00:01:16

Health: 0/55       AC:  7    Str: 21    XL:     6   Next: 37%
Magic:  6/6        EV: 10    Int:  8    God:
Gold:   150        SH:  4    Dex: 10    Spells: 5/5 levels left

rFire   . . .      SeeInvis .   a - +0 war axe
rCold   . . .      Faith    .   c - +0 buckler
rNeg    . . .      Spirit   .   b - +0 scale mail
rPois   .          Reflect  .   (no helmet)
rElec   .          Harm     .   (no cloak)
rCorr   .          Rampage  .   (no gloves)
Will    +....                   (no boots)
Stlth   ..........              (no amulet)
HPRegen 0.18/turn               k - ring of willpower
MPRegen 0.10/turn               (no ring)

@: no status effects
A: no striking features
a: no special abilities


You were on level 4 of the Dungeon.
You visited 1 branch of the dungeon, and saw 4 of its levels.

You collected 150 gold pieces.

Inventory:

Hand Weapons
 a - a +0 war axe (weapon)
Missiles
 h - a throwing net (quivered)
Armour
 b - a +0 scale mail (worn)
 c - a +0 buckler (worn)
Jewellery
 k - a ring of willpower (left hand)
 o - a ring of see invisible
Wands
 e - a wand of digging (7)
Scrolls
 i - a scroll of amnesia
 l - 3 scrolls of vulnerability
 m - 2 scrolls of teleportation
Potions
 d - a potion of might
 f - a potion of heal wounds
 g - a potion of flight
 j - a potion of haste {unknown}
 n - 2 potions of brilliance {unknown}
 p - a potion of curing
 q - 2 potions of lignification {unknown}


   Skills:
 + Level 4.9 Fighting
 * Level 5.8 Axes
 + Level 4.4 Armour
 + Level 2.0 Dodging
 - Level 3.2 Shields


You had 5 spell levels left.
You didn't know any spells.
Your spell library contained the following spells:

 Spells                   Type           Power      Damage    Failure   Level
 Shock                    Conj/Air       0%         1d3       83%         1
 Corpse Rot               Necr/Air       0%         N/A       92%         2
 Static Discharge         Conj/Air       0%         N/A       92%         2
 Swiftness                Air            0%         N/A       99%         3
 Airstrike                Air            0%         N/A       100%        4
 Dispel Undead            Necr           0%         3d6       100%        4
 Lightning Bolt           Conj/Air       0%         1d11      100%        5
 Death Channel            Necr           0%         N/A       100%        6
 Maxwell's Capacitive Co  Air            0%         ∞         100%        8


Dungeon Overview and Level Annotations

Branches:
Dungeon (4/15)
 Temple: D:4-7

Altars:

Annotations:
D:3 3 runed translucent doors, anonymous's ghost, weakling NaGl


Message History

There are monsters nearby!
The hound barks!
The white imp gestures at you. The puff of frost hits you!
There are monsters nearby!
Found a stone staircase leading up.
The white imp hits you. The white imp freezes you. The hound bites you.
You are too injured to fight recklessly!
There are monsters nearby!
There are monsters nearby!
You are too injured to fight recklessly!
You are too injured to fight recklessly!
There are monsters nearby!
You are too injured to fight recklessly!
You are too injured to fight recklessly!
You are too injured to fight recklessly!
You are too injured to fight recklessly!
You are too injured to fight recklessly!
You are too injured to fight recklessly!
You slash the hound!
The hound is heavily wounded.
You barely miss the white imp. You block the hound's attack.
The white imp hits you. The white imp freezes you. The hound misses you.
You closely miss the hound.
The hound is heavily wounded.
You hit the white imp but do no damage. The hound closely misses you.
The white imp hits you. The white imp freezes you.
You block the hound's attack. The white imp closely misses you.
You closely miss the white imp. You barely miss the hound.
You block the hound's attack. The white imp gestures at you.
The puff of frost hits you!
* * * LOW HITPOINT WARNING * * *
You block the hound's attack.
You slash the white imp!
The white imp is almost dead.
You closely miss the hound. The hound misses you. The white imp hits you.
* * * LOW HITPOINT WARNING * * *
The white imp freezes you.
You die...

.....# .##### .. .# #.
.###### . .. ......# ..
####. #####.......##....
....... .........#####
#####.. ......h.....######
# ......5@..#)...... #
...........###########.. #
..............##........ #
..........###......##### #
..........# ##.###......
..........###..###......
............###..##.....###
...<.#.............)##.##
#.# ##.....###...##..#


You could see a hound and a white imp.

Vanquished Creatures
  A water moccasin (D:3)
  Blork the orc (D:4)
  3 adders
  A worm (D:3)
  4 dart slugs
  6 orcs
  11 ball pythons
  2 endoplasms
  4 giant cockroaches
  13 goblins
  10 hobgoblins
  8 jackals (D:1)
  5 bats
  A frilled lizard (D:1)
  6 kobolds
  5 rats
81 creatures vanquished.

Notes
Turn   | Place    | Note
-------+----------+-------------------------------------------
     0 | D:1      | kae the Hill Orc Fighter began the quest for the Orb.
     0 | D:1      | Reached XP level 1. HP: 19/19 MP: 1/1
    39 | D:1      | Reached skill level 3 in Axes
    43 | D:1      | Reached XP level 2. HP: 22/27 MP: 2/2
   271 | D:1      | Reached XP level 3. HP: 29/33 MP: 3/3
   862 | D:2      | Reached skill level 1 in Dodging
   865 | D:2      | Reached skill level 4 in Axes
  1024 | D:2      | Reached XP level 4. HP: 40/40 MP: 4/4
  1702 | D:3      | Found a runed translucent gate.
  1702 | D:3      | Found a runed translucent gate.
  1702 | D:3      | Found a runed translucent gate.
  1702 | D:3      | Noticed anonymous's ghost (weakling NaGl)
  1864 | D:3      | Noticed a water moccasin
  1876 | D:3      | HP: 2/41 [water moccasin (1)]
  1881 | D:3      | Killed a water moccasin
  1882 | D:3      | Reached skill level 5 in Axes
  1882 | D:3      | Reached XP level 5. HP: 12/47 MP: 5/5
  2559 | D:3      | Reached XP level 6. HP: 52/53 MP: 6/6
  2677 | D:3      | Found a faded altar of an unknown god.
  2759 | D:4      | Noticed Blork the orc
  2772 | D:4      | Killed Blork the orc
  2974 | D:4      | Slain by a white imp

Illustrated notes

Levels and vault maps discovered:
D:1:      onia_arrival_pentagram, layout_basic, minivault_26
D:2:      cheibrodos_greedy_goblins, layout_loops_corners
D:3:      layout_basic, gammafunk_ghost_split,
          ebering_ecumenical_altar_abandoned
D:4:      layout_rooms, uniq_blork_the_orc

Skill      XL: |  1  2  3  4  5  6 |
---------------+-------------------+-----
Axes           | 3 4 5 |  5.8
Fighting       | 4 |  4.9
Dodging        | 1 2 |  2.0
Armour         | 4 |  4.4
Shields        | |  3.2

Action                   |  1- 3 |  4- 6 || total
-------------------------+-------+-------++-------
Melee: War axe           |    84 |   111 ||   195
  Use: Scroll            |       |     6 ||     6
       Potion            |       |     1 ||     1
Armor: Scale mail        |    42 |    56 ||    98
Dodge: Dodged            |    48 |    54 ||   102
Block: Buckler           |    23 |    32 ||    55

Table legend: (Time is in decaauts)
 A = Elapsed time spent in this place.
 B = Non-inter-level travel time spent in this place.
 C = Inter-level travel time spent in this place.
 D = Time resting spent in this place.
 E = Time spent auto-exploring this place.
 F = Levels seen in this place.
 G = Mean time per level.
                   A        B        C        D        E       F      G
               +--------+--------+--------+--------+--------+-----+--------+
         Total |   3038 |   2949 |     89 |    120 |   2361 |   4 |  759.5 |
       Dungeon |   3038 |   2949 |     89 |    120 |   2361 |   4 |  759.5 |
               +--------+--------+--------+--------+--------+-----+--------+

Top non-repeatable levels by time:
     D:3: 1069 daAuts
     D:2: 1008 daAuts
     D:1: 701 daAuts
     D:4: 258 daAuts
